 Dungeon Crawl Stone Soup version 0.22-a0-271-gc000056 (webtiles) character file.

28 nikopol the Firebug (level 3, -5/19 HPs)
             Began as a Deep Elf Fire Elementalist on Mar 11, 2018.
             Killed from afar by Sigmund (9 damage)
             ... with a magic dart
             ... on level 2 of the Dungeon.
             The game lasted 00:06:55 (1465 turns).

nikopol the Firebug (Deep Elf Fire Elementalist)    Turns: 1465, Time: 00:06:55

Health: -5/19      AC:  3    Str:  5    XL:     3   Next: 0%
Magic:  0/10       EV: 13    Int: 20    God:
Gold:   23         SH:  0    Dex: 15    Spells: 3/9 levels left

rFire    . . .     SeeInvis .   (no weapon)
rCold    . . .     Gourm    .   (no shield)
rNeg     . . .     Faith    .   a - +0 robe
rPois    .         Spirit   .   (no helmet)
rElec    .         Reflect  .   h - +0 cloak
rCorr    .         Harm     .   (no gloves)
MR       .....                  (no boots)
Stlth    ++........             (no amulet)
HPRegen  0.06/turn              (no ring)
MPRegen  0.12/turn              (no ring)

@: very slightly contaminated
A: no striking features
a: no special abilities


You were on level 2 of the Dungeon.
You were hungry.

You visited 1 branch of the dungeon, and saw 2 of its levels.

You collected 23 gold pieces.

Inventory:

Armour
 a - a +0 robe (worn)
 h - a +0 cloak (worn)
Jewellery
 g - an uncursed ring of ice {unknown}
Scrolls
 b - 2 scrolls of enchant armour {unknown}
 e - a scroll of fog {unknown}
 f - a scroll of magic mapping {unknown}
 j - a scroll of identify {unknown}
 k - a scroll of enchant weapon {unknown}
Potions
 d - 2 potions of curing {unknown}
 i - a potion of haste {unknown}
 l - a potion of magic {unknown}
 n - a potion of mutation {unknown}
Comestibles
 c - 9 rations
 m - 4 chunks of flesh


   Skills:
 + Level 2.6 Dodging
 + Level 2.6 Stealth
 + Level 3.6 Spellcasting
 + Level 1.2 Conjurations
 + Level 4.0 Fire Magic


You had 3 spell levels left.
You knew the following spells:

 Your Spells              Type           Power        Failure   Level  Hunger
a - Flame Tongue          Conj/Fire      ##...        4%          1    None
b - Throw Flame           Conj/Fire      ##....       7%          2    ##.....
c - Conjure Flame         Conj/Fire      ##......     14%         3    ###....


Dungeon Overview and Level Annotations

Branches:
Dungeon (2/15)

Altars:

Annotations:
D:2 Sigmund


Message History

Confirm with . or Enter, or press ? or * to list all spells.
Aiming: Flame Tongue (safe; 4% risk of failure)
Press: ? - help, Shift-Dir - straight line The flame tongue hits something.
Casting: Flame Tongue (safe; 4% risk of failure)
Confirm with . or Enter, or press ? or * to list all spells.
Aiming: Flame Tongue (safe; 4% risk of failure)
Press: ? - help, Shift-Dir - straight line The flame tongue hits something.
A puff of flame appears from out of thin air!
The puff of flame hits you!
* * * LOW HITPOINT WARNING * * *
Casting: Flame Tongue (safe; 4% risk of failure)
Confirm with . or Enter, or press ? or * to list all spells.
Aiming: Flame Tongue (safe; 4% risk of failure)
Press: ? - help, Shift-Dir - straight line The flame tongue hits something.
A magic dart appears from out of thin air!
The magic dart hits you!
You die...

######## # #....... ##.####
########....... .......
#..............
(......###########.........#....
.......g{......@..........#_#...
....[..###########.........#....
....... #######..............
....>.. '.......######.......
........ ##.......# #.......
........ #.....#.# #.......
........ #.....#.########'###
........ #.............##.# #'#
######........##.#


There were no monsters in sight!

Vanquished Creatures
  An ooze (D:1)
  A worm (D:2)
  A dart slug (D:1)
  3 bats (D:1)
  A goblin (D:1)
  A hobgoblin (D:2)
  4 kobolds
  3 ball pythons
  4 frilled lizards
  2 rats (D:1)
21 creatures vanquished.

Notes
Turn   | Place    | Note
-------+----------+-------------------------------------------
     0 | D:1      | nikopol the Deep Elf Fire Elementalist began the quest for the Orb.
     0 | D:1      | Reached XP level 1. HP: 10/10 MP: 6/6
   152 | D:1      | Reached XP level 2. HP: 15/15 MP: 5/8
   695 | D:2      | Noticed Sigmund
   826 | D:2      | Learned a level 2 spell: Throw Flame
   840 | D:2      | Found a faded altar of an unknown god.
  1259 | D:2      | Reached skill level 4 in Fire Magic
  1414 | D:2      | Reached XP level 3. HP: 19/19 MP: 7/10
  1419 | D:2      | Learned a level 3 spell: Conjure Flame
  1465 | D:2      | Killed from afar by Sigmund

Vault maps used:
D:1:      dpeg_arrival_water_fire
D:2:      first_ration, chequers_ecumenical_altar_simple, uniq_sigmund

Skill      XL: |  1  2 |
---------------+-------+-----
Fire Magic     | 4 |  4.0
Dodging        | |  2.6
Stealth        | |  2.6
Spellcasting   | |  3.6
Conjurations   | |  1.2

Action                   || total
-------------------------++-------
 Cast: Flame Tongue      ||    38
       Conjure Flame     ||     1
  Eat: Chunk             ||     1

Table legend:
 A = Spawn XP
 B = Non-spawn XP
 C = Spawn XP percentage of total XP
 D = Spawn monster count
 E = Non-spawn monster count
 F = Spawn count percentage of total count
 G = Total turns spent on level
                    A         B        C        D         E        F      G
               +---------+---------+-------+---------+---------+-------+---------
         Total |       0 |      41 |   0.0 |       0 |      21 |   0.0 |  1465
               +---------+---------+-------+---------+---------+-------+---------
           D:1 |       0 |      30 |   0.0 |       0 |      16 |   0.0 |   625
           D:2 |       0 |      11 |   0.0 |       0 |       5 |   0.0 |   840
               +---------+---------+-------+---------+---------+-------+---------
